 Dungeon Crawl Stone Soup version 0.31-a0-180-g519b7de00c (webtiles) character file.

Game seed: 7247742756757383911

779 qw the Shooter (level 7, -2/66 HPs)
             Began as a Naga Hunter on June 19, 2023.
             Slain by an iguana (5 damage)
             ... on level 5 of the Dungeon.
             The game lasted 00:01:46 (4141 turns).

qw the Shooter (Naga Hunter)                        Turns: 4141, Time: 00:01:46

Health: -2/66      AC:  9    Str: 14    XL:     7   Next: 85%
Magic:  7/7        EV:  8    Int:  9    God:
Gold:   188        SH:  0    Dex: 16    Spells: 6/6 levels left

rFire   . . .        Y - +0 shortbow
rCold   + . .        (shield currently unavailable)
rNeg    + . .        c - +0 leather armour
rPois   +            l - +0 helmet
rElec   .            (no cloak)
rCorr   .            (no gloves)
SInv    +            e - +0 barding
Will    .....        (no amulet)
Stlth   ++           b - ring of protection from cold
HPRegen 0.31/turn    j - ring of positive energy
MPRegen 0.10/turn

%: no passive effects
@: short of breath, very slow
A: AC +2, large, see invisible, deformed body, poison resistance, slowness 2,
spit poison 1, naga tail 1
a: Spit Poison


You were on level 5 of the Dungeon.
You visited 1 branch of the dungeon, and saw 5 of its levels.
You also visited: Sewer.

You collected 188 gold pieces.


Innate Abilities, Weirdness & Mutations

Your serpentine skin is tough. (AC +2)
You have supernaturally acute eyesight. (SInv)
Armour fits poorly on your strangely shaped body.
Your system is resistant to poisons. (rPois)
You cover ground very slowly.
You can spit poison.
You have a snake-like lower body.


   Skills:
 - Level 4.3 Fighting
 + Level 7.3 Ranged Weapons
 - Level 1.0 Armour
 - Level 2.4 Dodging
 - Level 1.5 Stealth


You had 6 spell levels left.
You didn't know any spells.
Your spell library was empty.

Inventory:

Hand Weapons
 Y - a +0 shortbow (weapon)
Armour
 c - a +0 leather armour (worn)
 e - a +0 barding (worn)
 l - a +0 helmet (worn)
Jewellery
 b - a ring of protection from cold (left hand)
 d - an amulet of reflection
 h - a ring of fire
 j - a ring of positive energy (right hand)
Scrolls
 i - a scroll of identify
Potions
 a - 2 potions of curing
 f - a potion of brilliance {unknown}
 g - 2 potions of resistance
 k - a potion of enlightenment {unknown}
 m - a potion of cancellation {unknown}
 o - a potion of lignification {unknown}
 p - a potion of haste {unknown}
 q - 2 potions of might

Dungeon Overview and Level Annotations

Branches:
Dungeon (5/15)              Sewer (visited)
 Temple: D:4-7

Altars:
Fedhas
The Shining One

Shops:
D:1 [(

Annotations:
D:5 Pikel


Message History

The lemure hits you but does no damage.
4134 ||| INVOKING Spit Poison.
Aiming: Spit Poison (1% risk of failure)
Press: ? - help, Shift-Dir - straight line, f/p - lemure The splash of poison misses the lemure.
Pikel hits you with a +1 whip of freezing.
The lemure hits you but does no damage. The lemure completely misses you.
You shoot an arrow. The arrow hits the lemure.
The lemure is almost dead.
The lemure hits you but does no damage. Pikel hits you but does no damage.
The lemure hits you.
You shoot an arrow. The arrow completely misses the lemure.
The lemure hits you. Pikel hits you but does no damage. The lemure hits you.
You shoot an arrow. The arrow hits the lemure.
You kill the lemure!
That felt strangely unrewarding.
The lemure closely misses you. Pikel hits you but does no damage.
You shoot an arrow. The arrow hits Pikel!
Pikel is lightly wounded.
The lemure closely misses you. The iguana barely misses you.
Pikel hits you with a +1 whip of freezing.
You shoot an arrow. The arrow hits Pikel.
Pikel is moderately wounded.
You have got your breath back.
Pikel hits you but does no damage. The lemure hits you. The iguana bites you.
4140 ||| INVOKING Spit Poison.
Aiming: Spit Poison (1% risk of failure)
Press: ? - help, Shift-Dir - straight line, f/p - Pikel The splash of poison misses Pikel.
The splash of poison hits the lemure but does no damage.
The lemure hits you.
The iguana hisses menacingly.
The iguana closely misses you.
Pikel hits you with a +1 whip of freezing!
Pikel freezes you.
You shoot an arrow.
The arrow hits Pikel but does no damage.
Pikel is moderately wounded.
Pikel misses you. The lemure closely misses you. The iguana bites you.
You die...

.######.#####<.#### ##
### ........# ###..####
#.####### #........ #.#
#.##.##.# #.#
#######.##.# .#
#.###....%..<..# .##
.......####..### gg####.
.......####..####5g.....
#...............@K5.....
#......####..####l......
#......####..## ######.
#.###.........# #.#
#######...# ..# #...#
### ###.# .#### #####.#
....# #.....#


You could see Pikel, 2 lemures, an iguana and 3 gnolls.

Vanquished Creatures
  Sigmund (D:4)
  2 lemures (D:5)
  An ogre (D:4)
  Blork the orc (D:4)
  2 kobold brigands (Sewer)
  A howler monkey (D:4)
  An iguana (D:5)
  An orc wizard (D:5)
  12 adders
  2 ufetubi (D:5)
  2 worms
  2 dart slugs
  4 orcs
  6 ball pythons
  14 endoplasms
  8 giant cockroaches
  6 goblins
  7 hobgoblins
  17 kobolds
  5 quokkas
  7 bats
  5 frilled lizards
  8 rats
115 creatures vanquished.

Notes
Turn   | Place    | Note
-------+----------+-------------------------------------------
     0 | D:1      | qw the Naga Hunter began the quest for the Orb.
     0 | D:1      | Reached XP level 1. HP: 19/19 MP: 1/1
     0 | D:1      | 0 ||| qw: Version: 0.3-a-7-ge0c9b40
     0 | D:1      | 0 ||| qw: Game counter: 992
     0 | D:1      | 0 ||| qw: Always use a shield: true
     0 | D:1      | 0 ||| qw: God list: Okawaru
     0 | D:1      | 0 ||| qw: Allow faded altars: false
     0 | D:1      | 0 ||| qw: Do Orc after D:15 true
     0 | D:1      | 0 ||| qw: Do second Lair branch before Depths: true
     0 | D:1      | 0 ||| qw: Lair rune preference: random
     0 | D:1      | 0 ||| qw: Plans: Normal
     0 | D:1      | 0 ||| PLANNING D:1-11
    41 | D:1      | 41 ||| INVOKING Spit Poison.
    46 | D:1      | 46 ||| INVOKING Spit Poison.
    47 | D:1      | Reached skill level 4 in Ranged Weapons
    47 | D:1      | Reached XP level 2. HP: 17/26 MP: 2/2
   116 | D:1      | 116 ||| UPGRADING to +0 barding.
   121 | D:1      | 121 ||| UPGRADING to +1 hat.
   195 | D:1      | 195 ||| INVOKING Spit Poison.
   229 | D:1      | 229 ||| INVOKING Spit Poison.
   246 | D:1      | 246 ||| INVOKING Spit Poison.
   259 | D:1      | 259 ||| INVOKING Spit Poison.
   280 | D:1      | 280 ||| INVOKING Spit Poison.
   281 | D:1      | 281 ||| INVOKING Spit Poison.
   292 | D:1      | 292 ||| INVOKING Spit Poison.
   304 | D:1      | 304 ||| INVOKING Spit Poison.
   311 | D:1      | 311 ||| INVOKING Spit Poison.
   316 | D:1      | 316 ||| INVOKING Spit Poison.
   317 | D:1      | Reached XP level 3. HP: 29/32 MP: 3/3
   346 | D:1      | Found a faded altar of an unknown god.
   364 | D:1      | 364 ||| INVOKING Spit Poison.
   387 | D:1      | Found Cosiqutot's Antique Weapon Boutique.
   396 | D:1      | Found Wiwo's Armour Shop.
   400 | D:1      | 400 ||| SHOPLISTING +0 leather armour of Iwun {rElec rF+
                  | Int+8 Dex-3} (335 gold, have 21).
   400 | D:1      | 400 ||| SHOPLISTING +1 leather armour "Ruddecoc" {Dex+3
                  | Slay+2} (287 gold, have 21).
   466 | D:1      | 466 ||| INVOKING Spit Poison.
   639 | D:1      | 639 ||| INVOKING Spit Poison.
   643 | D:1      | 643 ||| INVOKING Spit Poison.
   669 | D:1      | 669 ||| READING scroll labelled EMMUYB QYMELI.
   670 | D:1      | 670 ||| READING scroll labelled KUR QU SE XABO.
   671 | D:1      | 671 ||| DRINKING 2 fizzy brown potions.
   672 | D:1      | 672 ||| DROPPING scroll of butterflies.
   751 | D:2      | 751 ||| DROPPING +2 sling of flaming.
   856 | D:2      | 856 ||| INVOKING Spit Poison.
   861 | D:2      | 861 ||| INVOKING Spit Poison.
   865 | D:2      | 865 ||| INVOKING Spit Poison.
   905 | D:2      | 905 ||| INVOKING Spit Poison.
   915 | D:2      | 915 ||| INVOKING Spit Poison.
   961 | D:2      | 961 ||| INVOKING Spit Poison.
   969 | D:2      | 969 ||| INVOKING Spit Poison.
   974 | D:2      | 974 ||| INVOKING Spit Poison.
   997 | D:2      | 997 ||| INVOKING Spit Poison.
  1007 | D:2      | 1007 ||| INVOKING Spit Poison.
  1035 | D:2      | Found a blossoming altar of Fedhas.
  1072 | D:2      | 1072 ||| INVOKING Spit Poison.
  1073 | D:2      | Reached skill level 5 in Ranged Weapons
  1236 | D:2      | 1236 ||| UPGRADING to +0 helmet.
  1246 | D:2      | 1246 ||| DROPPING +1 hat.
  1247 | D:2      | 1247 ||| UPGRADING to ring of protection from cold.
  1248 | D:2      | 1248 ||| UPGRADING to ring of positive energy.
  1249 | D:2      | 1249 ||| READING scroll labelled GYH KEASOA.
  1250 | D:2      | 1250 ||| READING scroll labelled ZIONKYSEXO.
  1258 | D:3      | 1258 ||| PLANNING SEWER
  1264 | D:3      | Reached XP level 4. HP: 39/39 MP: 4/4
  1266 | D:3      | 1266 ||| INVOKING Spit Poison.
  1271 | D:3      | Found a glowing drain.
  1272 | D:3      | 1272 ||| DRINKING 2 fizzy silvery potions.
  1278 | D:3      | 1278 ||| INVOKING Spit Poison.
  1281 | D:3      | 1281 ||| INVOKING Spit Poison.
  1285 | D:3      | 1285 ||| INVOKING Spit Poison.
  1292 | D:3      | 1292 ||| INVOKING Spit Poison.
  1295 | D:3      | 1295 ||| INVOKING Spit Poison.
  1296 | D:3      | Reached skill level 1 in Armour
  1302 | D:3      | 1302 ||| INVOKING Spit Poison.
  1383 | Sewer    | Entered a sewer
  1400 | Sewer    | 1400 ||| INVOKING Spit Poison.
  1405 | Sewer    | Noticed a kobold brigand
  1406 | Sewer    | 1406 ||| INVOKING Spit Poison.
  1410 | Sewer    | 1410 ||| INVOKING Spit Poison.
  1414 | Sewer    | 1414 ||| INVOKING Spit Poison.
  1417 | Sewer    | 1417 ||| INVOKING Spit Poison.
  1417 | Sewer    | Killed a kobold brigand
  1418 | Sewer    | Reached skill level 3 in Fighting
  1418 | Sewer    | Reached XP level 5. HP: 31/49 MP: 5/5
  1420 | Sewer    | 1420 ||| INVOKING Spit Poison.
  1424 | Sewer    | 1424 ||| INVOKING Spit Poison.
  1538 | Sewer    | 1538 ||| INVOKING Spit Poison.
  1549 | Sewer    | 1549 ||| INVOKING Spit Poison.
  1553 | Sewer    | 1553 ||| INVOKING Spit Poison.
  1567 | Sewer    | Noticed a kobold brigand
  1568 | Sewer    | 1568 ||| INVOKING Spit Poison.
  1574 | Sewer    | 1574 ||| INVOKING Spit Poison.
  1580 | Sewer    | 1580 ||| INVOKING Spit Poison.
  1585 | Sewer    | 1585 ||| INVOKING Spit Poison.
  1585 | Sewer    | Killed a kobold brigand
  1586 | Sewer    | Reached XP level 6. HP: 17/56 MP: 6/6
  1749 | Sewer    | 1749 ||| INVOKING Spit Poison.
  1756 | Sewer    | 1756 ||| INVOKING Spit Poison.
  1771 | Sewer    | 1771 ||| INVOKING Spit Poison.
  1774 | Sewer    | 1774 ||| INVOKING Spit Poison.
  1807 | Sewer    | 1807 ||| INVOKING Spit Poison.
  1835 | Sewer    | 1835 ||| INVOKING Spit Poison.
  1840 | Sewer    | 1840 ||| INVOKING Spit Poison.
  1857 | Sewer    | 1857 ||| READING scroll labelled JOPSYPIUNGUE.
  1858 | Sewer    | 1858 ||| DRINKING 2 white potions.
  1859 | Sewer    | 1859 ||| DRINKING 2 bubbling dark potions.
  1860 | Sewer    | 1860 ||| DRINKING 5 green potions.
  1861 | Sewer    | 1861 ||| DROPPING potion of magic.
  1862 | Sewer    | 1862 ||| DROPPING potion of invisibility.
  1877 | D:3      | 1877 ||| PLANNING D:1-11
  1907 | D:3      | 1907 ||| INVOKING Spit Poison.
  1913 | D:3      | 1913 ||| INVOKING Spit Poison.
  1928 | D:3      | 1928 ||| INVOKING Spit Poison.
  2010 | D:3      | 2010 ||| INVOKING Spit Poison.
  2015 | D:3      | 2015 ||| INVOKING Spit Poison.
  2058 | D:3      | 2058 ||| INVOKING Spit Poison.
  2062 | D:3      | 2062 ||| INVOKING Spit Poison.
  2211 | D:3      | 2211 ||| INVOKING Spit Poison.
  2351 | D:3      | 2351 ||| INVOKING Spit Poison.
  2420 | D:3      | 2420 ||| INVOKING Spit Poison.
  2430 | D:3      | 2430 ||| READING scroll labelled GAQ HAEDACHO.
  2431 | D:3      | 2431 ||| READING 2 scrolls of identify.
  2431 | D:3      | 2431 ||| IDENTIFYING fizzy ruby potion
  2432 | D:3      | 2432 ||| DROPPING potion of degeneration.
  2491 | D:4      | Reached skill level 6 in Ranged Weapons
  2526 | D:4      | 2526 ||| INVOKING Spit Poison.
  2529 | D:4      | 2529 ||| INVOKING Spit Poison.
  2566 | D:4      | 2566 ||| INVOKING Spit Poison.
  2591 | D:4      | 2591 ||| INVOKING Spit Poison.
  2780 | D:4      | Noticed Blork the orc
  2783 | D:4      | 2783 ||| INVOKING Spit Poison.
  2789 | D:4      | 2789 ||| INVOKING Spit Poison.
  2792 | D:4      | HP: 6/57 [Blork the orc/+0 dire flail (21)]
  2793 | D:4      | 2793 ||| DRINKING 4 potions of heal wounds.
  2795 | D:4      | 2795 ||| DRINKING 3 potions of heal wounds.
  2796 | D:4      | 2796 ||| INVOKING Spit Poison.
  2796 | D:4      | Killed Blork the orc
  2916 | D:4      | 2916 ||| INVOKING Spit Poison.
  2947 | D:4      | Noticed Sigmund
  2950 | D:4      | 2950 ||| INVOKING Spit Poison.
  2952 | D:4      | Killed Sigmund
  2953 | D:4      | Reached XP level 7. HP: 62/66 MP: 7/7
  2975 | D:4      | 2975 ||| INVOKING Spit Poison.
  3093 | D:4      | 3093 ||| INVOKING Spit Poison.
  3096 | D:4      | 3096 ||| INVOKING Spit Poison.
  3101 | D:4      | 3101 ||| INVOKING Spit Poison.
  3112 | D:4      | 3112 ||| INVOKING Spit Poison.
  3116 | D:4      | Reached skill level 7 in Ranged Weapons
  3146 | D:4      | 3146 ||| INVOKING Spit Poison.
  3232 | D:4      | 3232 ||| INVOKING Spit Poison.
  3235 | D:4      | HP: 8/66 [ogre/+0 giant club (21)]
  3236 | D:4      | 3236 ||| DRINKING 2 potions of heal wounds.
  3239 | D:4      | 3239 ||| INVOKING Spit Poison.
  3379 | D:4      | Found a glowing golden altar of the Shining One.
  3593 | D:4      | 3593 ||| READING 2 scrolls labelled VECA IDURRE.
  3598 | D:4      | 3598 ||| READING scroll labelled FUEPRY WUSUGY.
  3665 | D:5      | Entered Level 5 of the Dungeon
  3671 | D:5      | 3671 ||| INVOKING Spit Poison.
  3700 | D:5      | 3700 ||| INVOKING Spit Poison.
  3703 | D:5      | 3703 ||| INVOKING Spit Poison.
  3777 | D:5      | Noticed Pikel
  3778 | D:5      | 3778 ||| INVOKING Spit Poison.
  3779 | D:5      | 3779 ||| INVOKING Spit Poison.
  3784 | D:5      | 3784 ||| INVOKING Spit Poison.
  3788 | D:5      | HP: 10/66 [lemure[Pikel] (8)]
  3789 | D:5      | 3789 ||| READING scroll of teleportation.
  3790 | D:5      | 3790 ||| DRINKING potion of heal wounds.
  3791 | D:5      | 3791 ||| INVOKING Spit Poison.
  3953 | D:5      | 3953 ||| INVOKING Spit Poison.
  3999 | D:5      | 3999 ||| INVOKING Spit Poison.
  4017 | D:5      | 4017 ||| INVOKING Spit Poison.
  4023 | D:5      | 4023 ||| INVOKING Spit Poison.
  4111 | D:5      | 4111 ||| INVOKING Spit Poison.
  4116 | D:5      | 4116 ||| INVOKING Spit Poison.
  4121 | D:5      | 4121 ||| INVOKING Spit Poison.
  4127 | D:5      | 4127 ||| INVOKING Spit Poison.
  4130 | D:5      | 4130 ||| INVOKING Spit Poison.
  4134 | D:5      | 4134 ||| INVOKING Spit Poison.
  4139 | D:5      | HP: 16/66 [lemure[Pikel] (4)]
  4140 | D:5      | 4140 ||| INVOKING Spit Poison.
  4140 | D:5      | HP: 4/66 [Pikel/+1 whip of freezing (7)]
  4141 | D:5      | Slain by an iguana

Levels and vault maps discovered:
D:1:      saegor_arrival_simple_a, layout_loops_ring,
          shapermc_ecumenical_altar_venn, serial_shops, shop, shop_fountains,
          hangedman_decor_opposing, grunt_decor_cap
D:2:      layout_loops_ring, basic_altar
D:3:      layout_loops_cross, gup_sewer_entry_glass, grunt_decor_clamped,
          minmay_shallow_snake_nest
D:4:      layout_loops_corners, marbit_many_paths, uniq_blork_the_orc,
          uniq_sigmund
D:5:      layout_loops_cross, uniq_pikel

Skill      XL: |  1  2  3  4  5  6  7 |
---------------+----------------------+-----
Ranged Weapons | 4 5 6 7 |  7.3
Armour         | 1 |  1.0
Fighting       | 3 4 |  4.3
Dodging        | 2 |  2.4
Stealth        | |  1.5

Action                     |  1- 3 |  4- 6 |  7- 9 || total
---------------------------+-------+-------+-------++-------
   Fire: Shortbow          |    78 |   135 |    95 ||   308
Ability: Spit Poison       |    26 |    47 |    25 ||    98
    Use: Scroll            |     4 |     3 |     3 ||    10
         Potion            |     1 |     6 |     2 ||     9
 Armour: Leather armour    |     7 |    75 |    51 ||   133
  Dodge: Dodged            |     2 |    49 |    41 ||    92

Table legend:
 A = Non-vault XP
 B = Vault XP
 C = Vault XP percentage of total XP
 D = Non-vault monster count
 E = Vault monster count
 F = Vault count percentage of total count
                 A         B        C        D         E       F
            +---------+---------+-------+---------+---------+-------
      Total |     387 |     726 |  65.2 |      76 |      37 |  32.7
            +---------+---------+-------+---------+---------+-------
        D:1 |      43 |       0 |   0.0 |      24 |       0 |   0.0
        D:2 |      38 |       0 |   0.0 |      15 |       0 |   0.0
        D:3 |      47 |      36 |  43.4 |      12 |       7 |  36.8
        D:4 |     145 |     440 |  75.2 |      16 |       3 |  15.8
        D:5 |     114 |       0 |   0.0 |       9 |       0 |   0.0
      Sewer |       0 |     250 | 100.0 |       0 |      27 | 100.0
            +---------+---------+-------+---------+---------+-------
